 Dungeon Crawl Stone Soup version 0.19.1-1-g22dce08 (webtiles) character file.

644596 Azzok the Pyromancer (level 27, 0/176 HPs)
             Began as a Gargoyle Fire Elementalist on Jan 17, 2017.
             Was an Elder of Sif Muna.
             Slain by a deathcap (3 damage)
             ... summoned by a curse toe
             ... on level 2 of the Realm of Zot on Jan 20, 2017.
             The game lasted 12:13:53 (138733 turns).

Azzok the Pyromancer (Gargoyle Fire Elementalist) Turns: 138733, Time: 12:13:54

Health: 0/176      AC: 36    Str: 10    XL:     27
Magic:  27/47      EV: 18    Int: 37    God:    Sif Muna [****..]
Gold:   3167       SH:  5    Dex: 11    Spells: 11 memorised, 7 levels left

rFire  + . .     SeeInvis +     a - staff of conjuration
rCold  + . .     Gourm    .     M - +2 robe {rC+ rF+}
rNeg   + . .     Faith    .     A - +0 buckler of the Loofah {Regen+ Str-4 Int+4 Stlth+}
rPois  ∞         Spirit   .     V - +2 helmet {Int+3}
rElec  +         Reflect  .     E - +0 cloak {MR+}
rCorr  .         Harm     .     C - +2 pair of gloves
MR     +++..                    Z - +1 pair of boots
Stlth  +++.......               e - amulet of Jorevaral {RegenMP rElec Int+2}
                                Y - ring "Zuijet" {EV+5 Int+2 SInv}
                                J - ring of wizardry

@: about to teleport, flying
A: big wings, negative energy resistance 1, electricity resistance, unbreathing,
petrification resistance, rot immunity, AC +20
a: Stop Flying, Divine Energy, Channel Magic, Forget Spell, Renounce Religion
}: 3/15 runes: decaying, silver, gossamer


You were on level 2 of the Realm of Zot.
You worshipped Sif Muna.
Sif Muna was greatly pleased with you.
You were hungry.

You visited 10 branches of the dungeon, and saw 47 of its levels.
You visited the Abyss 1 time.
You visited 1 bazaar.

You collected 7053 gold pieces.
You spent 3886 gold pieces at shops.

Inventory:

Hand Weapons
 b - a +5 demon whip of flaming
Missiles
 x - 1836 stones (quivered)
Armour
 A - the +0 buckler of the Loofah (worn) {Regen+ Str-4 Int+4 Stlth+}
   (You bought it in a shop on level 14 of the Dungeon)

   It affects your strength (-4).
   It affects your intelligence (+4).
   It increases your rate of regeneration.
   It makes you more stealthy.
 C - a +2 pair of gloves (worn)
 E - a +0 cloak of magic resistance (worn)
 M - a +2 robe of resistance (worn)
 V - a +2 helmet of intelligence (worn)
 X - a +2 cloak
 Z - a +1 pair of boots (worn)
Magical Staves
 a - an uncursed staff of conjuration (weapon)
Jewellery
 d - an uncursed ring of protection from magic
 e - the amulet of Jorevaral (around neck) {RegenMP rElec Int+2}
   (You acquired it on level 5 of the Vaults)

   [amulet of magic regeneration]

   It increases your magic regeneration.
   It affects your intelligence (+2).
   It insulates you from electricity.
 h - a +4 ring of intelligence
 i - an uncursed ring of protection from cold
 y - a +5 amulet of reflection
 J - a ring of wizardry (left hand)
 O - an uncursed ring of ice
 P - an uncursed ring of positive energy
 Y - the ring "Zuijet" (right hand) {EV+5 Int+2 SInv}
   (You took it off a deep elf blademaster on level 3 of the Elven Halls)

   [ring of evasion]

   It affects your evasion (+5).
   It affects your intelligence (+2).
   It lets you see invisible.
Wands
 n - a wand of digging (8/24)
 N - a wand of heal wounds (5/9)
 W - a wand of teleportation (5/9)
Scrolls
 c - a scroll of holy word
 k - 5 scrolls of fog
 p - 2 scrolls of fear
 q - 8 scrolls of teleportation
 t - 3 scrolls of magic mapping
 z - 21 scrolls of remove curse
 F - a scroll of enchant armour
 G - a scroll of identify
 I - 2 scrolls of silence
Potions
 f - 2 potions of resistance
 l - 3 potions of haste
 o - 2 potions of invisibility
 s - 14 potions of curing
 u - a potion of flight
 w - 3 potions of cancellation
 B - 3 potions of might
 K - 4 potions of brilliance
 U - 6 potions of heal wounds
Books
 m - a Necronomicon

   Spells                             Type                      Level
   a - Haunt                          Necromancy/Summoning         7
   b - Borgnjor's Revivification      Necromancy                   8
   c - Death's Door                   Charms/Necromancy            8
   d - Infestation                    Necromancy                   8
   e - Necromutation                  Transmutation/Necromancy     8
Comestibles
 j - 9 fruits
 r - a slice of pizza
 v - 5 chunks of flesh
 D - 4 bread rations
 L - 9 meat rations
 S - 4 beef jerkies


   Skills:
 + Level 18.8 Fighting
 - Level 9.3 Armour
 - Level 3.9 Dodging
 - Level 2.1 Stealth
 - Level 5.0 Shields
 + Level 20.1 Spellcasting
 - Level 18.6 Conjurations
 + Level 15.2 Necromancy
 - Level 14.0 Transmutations
 + Level 21.3 Fire Magic
 - Level 6.9 Air Magic
 + Level 19.9 Earth Magic
 + Level 11.0 Invocations


You had 7 spell levels left.
You knew the following spells:

 Your Spells              Type           Power        Failure   Level  Hunger
b - Iron Shot             Conj/Erth      ########..   1%          6    None
c - Sticky Flame          Conj/Fire      ########     0%          4    None
d - Fireball              Conj/Fire      ########..   0%          5    None
e - Lehudib's Crystal Sp  Conj/Erth      ########..   1%          8    ###....
f - Repel Missiles        Chrm/Air       ######       1%          2    None
g - Necromutation         Tmut/Necr      #######...   6%          8    ###....
h - Swiftness             Chrm/Air       ######..     1%          2    None
i - Bolt of Fire          Conj/Fire      ########..   1%          6    None
j - Blink                 Tloc           N/A          1%          2    None
r - Fire Storm            Conj/Fire      ########..   7%          9    #####..
t - Ring of Flames        Chrm/Fire      #######...   4%          7    None


Dungeon Overview and Level Annotations

Branches:
Dungeon (15/15)            Temple (1/1) D:4            Lair (6/6) D:8
  Swamp (4/4) Lair:4       Spider (4/4) Lair:4        Slime (0/5) Lair:6
    Orc (2/2) D:9             Elf (3/3) Orc:2        Vaults (5/5) D:13
  Crypt (0/3) Vaults:3     Depths (5/5) D:15            Zot (2/5) Depths:5

Altars:
Ashenzari
Cheibriados
Dithmenos
Elyvilon
Hepliaklqana
Kikubaaqudgha
Nemelex Xobeh
Okawaru
Qazlal
Ru
Sif Muna
Trog
Uskayaw
Vehumet
Xom
Yredelemnul
Zin
The Shining One
Beogh
Jiyva

Shops:
D:14 =:[   Orc:2 :!([   Elf:1 }=}   Vaults:1 (   Vaults:2 *   Vaults:5 ?

Portals:
Hell: Depths:1 Depths:2 Depths:3 Depths:4 Depths:5
Abyss: Depths:1 Depths:4
Pandemonium: Depths:3
Ziggurat: Depths:1
Trove: D:11 (give +5 fire dragon scales)

Annotations:
Elf:2 3 runed doors


Innate Abilities, Weirdness & Mutations

You are resistant to torment.
Your stone body is resilient. (AC +20)
You are immune to poison.
Your large and strong wings let you fly indefinitely.
You resist negative energy. (rN+)
You are resistant to electric shocks. (rElec)
You can survive without breathing.
You are immune to petrification.
You are immune to rotting.


Message History

You blink.
You are engulfed in roaring flames.
You resist.
* * * LOW HITPOINT WARNING * * *
The moth of wrath goads the red draconian on!
The red draconian goes berserk!
The red draconian rages.
The titan waves its arms in wide circles.
The air twists around and violently strikes you in flight!
* * * LOW HITPOINT WARNING * * *
The wandering mushroom completely misses you.
A quicksilver dragon comes into view.
Unknown command.
You feel much better. You block the red draconian's attack.
The titan waves its arms in wide circles.
The air twists around and violently strikes you in flight!
* * * LOW HITPOINT WARNING * * *
The mottled draconian shifter gestures wildly while chanting.
The deathcap blinks!
The wandering mushroom blinks!
The moth of wrath blinks!
The electric golem is engulfed in roaring flames.
The deathcap releases spores at you.
You die...

≈≈≈≈≈≈≈≈≈≈≈≈≈≈▒▒▒▒▒▒▒≈≈·▒
≈≈≈≈≈≈≈≈≈≈≈≈≈≈▒····}▒≈≈·▒
≈≈≈≈≈≈≈≈≈≈≈≈≈≈▒···%$▒≈≈·▒
▒▒▒▒▒▒▒▒▒▒▒▒▒▒▒····)▒≈≈·▒
···········▒≈≈·▒
·········· ▒≈≈·▒
·D§f··▒▒▒▒≈≈·▒
▒·ff▒≈≈≈≈≈·▒ ▒·y@▒≈≈≈≈≈·▒
▒†fd▒≈≈≈≈≈·▒ ▒··†▒≈≈≈≈≈·▒
▒§zq▒≈≈≈≈≈·▒ ▒·§·▒≈≈≈≈≈·▒
· ▒··§▒≈≈≈≈≈·▒ ··
▒C§8▒≈≈≈≈≈·▒
···▒▒▒·d§▒≈≈≈≈≈·▒
·····f·f·▒≈≈≈≈≈·▒


You could see an electric golem, a titan, a mottled draconian, a red draconian
(berserk), a curse toe, a mottled draconian shifter, a quicksilver dragon, a
deathcap, a moth of wrath and 3 wandering mushrooms.

Vanquished Creatures
  Mennas (Vaults:5)
  An ancient lich (Depths:4)
  2 juggernauts
  Sojobo (Depths:3)
  Margery (Vaults:2)
  the Lernaean hydra (Swamp:4)
  7 golden dragons
  An electric golem (Zot:2)
  4 liches
  Rupert (Lair:4)
  4 tentacled monstrosities
  5 quicksilver dragons
  A quicksilver dragon (shapeshifter) (Depths:4)
  3 deep elf blademasters (Elf:3)
  3 deep elf master archers
  The ghost of ayyllmao the Peltast, an adept MiFi of Nemelex Xobeh (Spider:3)
  13 titans
  Frances (D:12)
  2 death cobs
  4 thorn hunters
  Gastronok (D:8)
  5 sphinxes
  13 storm dragons
  Agnes (D:14)
  13 shadow dragons
  Roxanne (Elf:1)
  13 tengu reavers
  Donald (Swamp:3)
  13 fire giants
  6 draconian monks
  2 iron dragons
  22 vault wardens
  11 frost giants
  7 ghost moths
  5 draconian scorchers
  A balrug (Depths:3)
  A caustic shrike zombie (Depths:1)
  A frost giant (shapeshifter) (Depths:4)
  3 draconian zealots
  10 deep elf sorcerers
  3 draconian knights (Zot:1)
  5 deep elf elementalists (Elf:3)
  2 orc warlords
  8 emperor scorpions
  4 spriggan defenders
  A draconian shifter (Depths:5)
  2 draconian annihilators
  21 ironheart preservers
  28 stone giants
  15 very ugly things
  6 war gargoyles
  9 green draconians
  3 draconian callers
  9 deep elf demonologists
  The ghost of cba the Covert, a journeyman OpAs of Ashenzari (D:12)
  16 entropy weavers
  12 deep elf annihilators
  4 vampire knights
  2 yellow draconians
  Nessos (D:12)
  8 white draconians
  7 red draconians (Zot:1)
  The ghost of ADDA the Tortoise, a journeyman GrFi of the Shining One (Depths:1)
  3 mottled draconians
  4 black draconians
  18 spark wasps
  2 dire elephants
  10 purple draconians
  The ghost of Schimscham the Tainter, a journeyman NaWz of Okawaru (Lair:2)
  7 deep elf death magi
  The ghost of ADDA the Martial Artist, a journeyman DsMo of Ru (D:12)
  Josephine (Orc:2)
  A merfolk javelineer (Depths:2)
  13 fire dragons
  18 yaktaur captains
  Snorg (Lair:4)
  17 ettins
  18 ogre magi
  3 jiangshi (D:15)
  The ghost of davido123 the Basher, a journeyman TrBe of Trog (Lair:3)
  A quicksilver dragon zombie (Vaults:5)
  A green death (Depths:5)
  The ghost of Rrauwl the Geomancer, a journeyman GrEE of Vehumet (D:12)
  8 deep elf high priests
  9 rakshasas
  Fannar (Lair:3)
  3 great orbs of eyes
  20 hydras
  9 spriggan air magi
  42 vault guards
  Harold (Lair:1)
  5 juggernaut simulacra (Depths:4)
  6 ghost crabs
  14 ice dragons
  2 catoblepae
  19 centaur warriors
  A hell beast (Depths:5)
  A ghost crab (shapeshifter) (D:13)
  14 death yaks
  3 alligators
  2 death knights (Vaults:1)
  22 dancing weapons
  15 deep troll earth magi
  2 orc high priests
  A vampire mage (D:15)
  12 deep troll shamans
  A queen ant (Lair:5)
  6 tengu warriors
  Urug (D:13)
  7 spriggan berserkers
  28 deep elf knights
  A storm dragon zombie (Depths:1)
  Sonja (Lair:4)
  A sun demon (Depths:3)
  Nergalle (Lair:1)
  2 sixfirhies (Depths:5)
  7 iron trolls
  A fire crab (Lair:5)
  A fire crab (shapeshifter) (Depths:1)
  22 hell knights
  6 skeletal warriors
  3 shadow wraiths
  5 unseen horrors
  An unseen horror (shapeshifter) (Vaults:1)
  3 flayed ghosts
  15 swamp dragons
  27 deep trolls
  6 glowing orange brains
  A hill giant (shapeshifter) (D:15)
  7 phantasmal warriors
  7 wizards
  2 harpies
  A lindwurm (shapeshifter) (Vaults:2)
  Pikel (D:7)
  25 deep elf archers
  14 necromancers
  The ghost of Jynx the Poker, a novice HOFi (D:9)
  26 ironbrand convokers
  3 shambling mangroves
  An obsidian statue (Depths:5)
  A harpy (shapeshifter) (Depths:5)
  17 orc knights
  11 hill giants
  6 orc sorcerers
  A faun (shapeshifter) (Vaults:3)
  A frost giant zombie (Depths:1)
  25 orb spiders
  50 wolf spiders
  An iron dragon zombie (Abyss:2)
  A fire giant zombie (Vaults:1)
  48 ugly things
  6 cyclopes
  A salamander (D:15)
  A worldbinder (Abyss:2)
  73 deep elf magi
  8 manticores
  2 stone giant skeletons
  A salamander (shapeshifter) (Vaults:2)
  4 naga magi (Depths:4)
  18 moths of wrath
  Joseph (D:9)
  26 vault sentinels
  A guardian serpent (shapeshifter) (D:15)
  Maurice (D:12)
  5 human skeletons
  An apocalypse crab (Abyss:2)
  25 elephants
  An orange demon (Depths:5)
  8 black mambas
  3 black mambas (shapeshifter)
  3 gargoyles
  3 smoke demons
  2 yaktaur zombies
  21 spiny frogs
  4 torpor snails
  A yaktaur (shapeshifter) (Vaults:5)
  3 human zombies
  3 efreet
  6 freezing wraiths
  13 komodo dragons
  71 yaktaurs
  20 demonic crawlers
  2 ice devils (Depths:5)
  7 rime drakes
  2 red devils
  3 hellwings
  2 yaktaur skeletons
  3 tengu conjurers (Depths:1)
  A queen bee (Spider:1)
  12 trolls
  2 jumping spiders (shapeshifter)
  A polar bear (shapeshifter) (D:13)
  3 meliai (Spider:1)
  46 jumping spiders
  4 polar bears
  2 two-headed ogres (shapeshifter)
  Grinder (D:5)
  12 tyrant leeches
  34 two-headed ogres
  A merfolk (shapeshifter) (Vaults:4)
  A queen bee (shapeshifter) (Vaults:1)
  A raiju (Abyss:2)
  A meliai (shapeshifter) (Depths:4)
  36 hornets
  2 wind drakes (shapeshifter)
  Prince Ribbit (D:7)
  29 blink frogs
  14 hippogriffs
  7 dream sheep (Lair:4)
  15 bog bodies
  37 slime creatures
  A blink frog (shapeshifter) (Depths:2)
  A snapping turtle (shapeshifter) (Depths:4)
  A raiju (shapeshifter) (Elf:1)
  A frost giant simulacrum (Depths:1)
  A flying skull (Abyss:2)
  An ettin skeleton (Vaults:1)
  2 redbacks (shapeshifter)
  29 tarantellas
  112 redbacks
  15 water elementals
  9 air elementals
  4 wyverns
  11 spriggans
  3 shadows
  57 yaks
  13 wraiths
  6 fire elementals
  4 hungry ghosts
  2 basilisks
  2 steam dragons
  7 mottled dragons
  An ogre zombie (Vaults:1)
  9 wargs
  6 human simulacra
  22 vampire mosquitoes
  A swamp worm (shapeshifter) (Depths:4)
  14 insubstantial wisps
  16 swamp worms
  2 large abominations (Abyss:2)
  7 soldier ants
  A warg (shapeshifter) (Vaults:5)
  16 water moccasins
  14 porcupines
  Duvessa (D:6)
  57 orc warriors
  A floating eye (Depths:2)
  18 swamp drakes
  A slave (D:7)
  2 ice beasts
  2 phantoms
  An ettin simulacrum (Vaults:1)
  4 sky beasts
  3 black bears
  9 boggarts
  A necrophage (D:6)
  The ghost of ADDA the Poker, an amateur HOMo (D:3)
  A hornet zombie (D:11)
  A tengu (shapeshifter) (Vaults:1)
  84 ogres
  A wolf (shapeshifter) (Depths:4)
  29 wolves
  36 centaurs
  3 big kobolds
  16 crocodiles
  2 elf zombies (Elf:3)
  19 bullfrogs
  8 earth elementals
  2 small abominations (Abyss:2)
  A wyvern skeleton (D:6)
  4 scorpions
  Dowan (D:6)
  16 killer bees
  8 wights
  3 electric eels
  6 howler monkeys
  13 crimson imps
  A quasit (D:9)
  4 centaur zombies
  6 hounds
  35 orc wizards
  2 bullfrog zombies
  2 jellies
  23 orc priests
  A bullfrog skeleton (D:9)
  5 centaur skeletons
  A gnoll shaman (D:6)
  5 iron imps
  4 iguanas
  19 worker ants
  A hound zombie (D:11)
  2 hound skeletons
  4 worker ant zombies
  15 gnolls
  A howler monkey skeleton (D:4)
  11 adders
  5 shadow imps
  6 white imps
  2 ufetubi (Depths:3)
  3 oozes
  4 adder skeletons
  2 adder zombies
  4 worms
  4 dart slugs
  6 leopard geckos
  151 orcs
  A ball python (D:3)
  9 bats
  14 giant cockroaches
  9 goblins
  4 hobgoblins
  8 jackals
  3 quokkas
  A ball python zombie (D:4)
  10 frilled lizards
  A giant cockroach zombie (D:4)
  A jackal skeleton (D:8)
  20 kobolds
  A leopard gecko skeleton (D:9)
  A leopard gecko zombie (D:4)
  A quokka skeleton (D:4)
  2 quokka zombies (D:4)
  14 rats
  A fungus (Swamp:4)
  2 plants
2882 creatures vanquished.

Vanquished Creatures (collateral kills)
  A storm dragon (Vaults:5)
  A red draconian (Zot:1)
  2 purple draconians
  2 crawling corpses (Depths:5)
6 creatures vanquished.

Vanquished Creatures (others)
  A shadow dragon (Vaults:5)
  A deep elf high priest (Depths:5)
  A bog body (Swamp:4)
  A steam dragon (Lair:2)
  2 insubstantial wisps (Swamp:3)
  3 slaves (D:7)
  A sky beast (D:7)
  An ogre (Vaults:5)
  A bush (Lair:5)
  122 fire vortices
  39 fungi
  35 plants
  2 starspawn tentacles (Abyss:2)
210 creatures vanquished.

Grand Total: 3098 creatures vanquished

Notes
Turn   | Place    | Note
-------+----------+-------------------------------------------
     0 | D:1      | Azzok the Gargoyle Fire Elementalist began the quest for the Orb.
     0 | D:1      | Reached XP level 1. HP: 10/10 MP: 3/3
   389 | D:1      | Reached XP level 2. HP: 15/15 MP: 1/5
   946 | D:1      | Reached XP level 3. HP: 19/19 MP: 4/6
  1134 | D:1      | Reached skill level 4 in Fire Magic
  1515 | D:2      | Found a white marble altar of Elyvilon.
  1598 | D:2      | Found a hide-covered altar of Uskayaw.
  1682 | D:2      | Reached XP level 4. HP: 24/24 MP: 3/7
  2535 | D:3      | Noticed ADDA's ghost (amateur HOMo)
  2641 | D:3      | Learned a level 3 spell: Conjure Flame
  2781 | D:3      | Reached skill level 5 in Fire Magic
  2831 | D:3      | Reached XP level 5. HP: 20/28 MP: 4/8
  3273 | D:3      | Killed ADDA's ghost
  3273 | D:3      | Reached skill level 6 in Fire Magic
  3273 | D:3      | Reached XP level 6. HP: 20/32 MP: 0/9
  3814 | D:3      | Learned a level 4 spell: Sticky Flame
  3848 | D:3      | Found a hazy altar of Hepliaklqana.
  4472 | D:4      | Found a shattered altar of Ashenzari.
  4577 | D:4      | Got a fine dagger
  4764 | D:4      | Identified the cursed +1 dagger of Subterfuge {vamp, rElec rN++ Int-5 SInv} (You found it on level 4 of the Dungeon)
  4863 | D:4      | Reached XP level 7. HP: 36/36 MP: 8/11
  5041 | D:4      | Found a staircase to the Ecumenical Temple.
  5056 | Temple   | Entered the Ecumenical Temple
  5125 | Temple   | Became a worshipper of Sif Muna the Loreminder
  5194 | D:4      | Found a shimmering altar of Xom.
  5207 | D:4      | Reached skill level 7 in Fire Magic
  5275 | D:4      | Found a shattered altar of Ashenzari.
  5276 | D:4      | Found a bloodstained altar of Trog.
  5276 | D:4      | Found a radiant altar of Vehumet.
  5276 | D:4      | Found a stormy altar of Qazlal.
  5423 | D:4      | Found a sparkling altar of Nemelex Xobeh.
  5543 | D:4      | Got an ancient whip
  5544 | D:4      | Identified the +5 whip "Xiaduj" {slash, rElec rPois rC+++ Int-5} (You found it on level 4 of the Dungeon)
  5879 | D:5      | Entered Level 5 of the Dungeon
  5890 | D:4      | Learned a level 5 spell: Fireball
  6052 | D:4      | Reached * piety under Sif Muna
  6354 | D:5      | Reached XP level 8. HP: 37/41 MP: 5/14
  6563 | D:5      | Found a shimmering altar of Xom.
  6564 | D:5      | Noticed Grinder
  6604 | D:5      | Paralysed by Grinder for 2 turns
  6606 | D:5      | Killed Grinder
  6703 | D:5      | Reached skill level 5 in Conjurations
  6785 | D:5      | Reached skill level 8 in Fire Magic
  6994 | D:6      | Reached ** piety under Sif Muna
  7368 | D:6      | Reached skill level 5 in Spellcasting
  7805 | D:6      | Reached XP level 9. HP: 45/45 MP: 17/17
  7926 | D:6      | Reached *** piety under Sif Muna
  7940 | D:6      | Noticed Duvessa
  8023 | D:6      | Noticed Dowan
  8048 | D:6      | Killed Dowan
  8594 | D:6      | Found a shadowy altar of Dithmenos.
  8615 | D:6      | Found a deep blue altar of Sif Muna.
  8865 | D:6      | Killed Duvessa
  8865 | D:6      | Reached skill level 9 in Fire Magic
  9136 | D:7      | Noticed Pikel
  9145 | D:7      | Killed Pikel
  9145 | D:7      | Reached skill level 1 in Fighting
  9145 | D:7      | Reached skill level 1 in Armour
  9145 | D:7      | Reached skill level 1 in Invocations
  9233 | D:7      | Reached **** piety under Sif Muna
  9415 | D:7      | Learned a level 3 spell: Inner Flame
  9546 | D:7      | Noticed Prince Ribbit
  9561 | D:7      | Killed Prince Ribbit
  9561 | D:7      | Reached XP level 10. HP: 54/54 MP: 9/20
 10480 | D:3      | Learned a level 2 spell: Repel Missiles
 10728 | D:8      | Found a staircase to the Lair.
 11708 | D:8      | Reached skill level 1 in Air Magic
 12329 | D:9      | Found a staircase to the Orcish Mines.
 12623 | D:9      | Noticed Jynx's ghost (novice HOFi)
 12646 | D:9      | Killed Jynx's ghost
 12646 | D:9      | Reached skill level 10 in Fire Magic
 13105 | D:9      | Reached ***** piety under Sif Muna
 13254 | D:9      | Found a faded altar of an unknown god.
 13254 | D:9      | Found an iron altar of Okawaru.
 13259 | D:9      | Found a faded altar of an unknown god.
 13261 | D:9      | Found a faded altar of an unknown god.
 13266 | D:9      | Found a faded altar of an unknown god.
 13381 | D:9      | Noticed Joseph
 13403 | D:9      | Killed Joseph
 13403 | D:9      | Reached XP level 11. HP: 46/62 MP: 1/22
 13817 | Lair:1   | Entered Level 1 of the Lair of Beasts
 13881 | Lair:1   | Noticed a five-headed hydra
 13899 | Lair:1   | Killed a five-headed hydra
 13984 | Lair:1   | Noticed Nergalle
 14049 | Lair:1   | Reached skill level 5 in Armour
 14139 | D:8      | Identified Sif Muna's Hermeneutics in Simple Steps (Sif Muna gifted it to you on level 8 of the Dungeon)
 14139 | D:8      | Received a gift from Sif Muna
 14208 | Lair:1   | Killed Nergalle
 14208 | Lair:1   | Reached skill level 5 in Fighting
 14208 | Lair:1   | Reached skill level 5 in Invocations
 14809 | Lair:1   | Noticed Harold
 14837 | Lair:1   | Noticed Gastronok
 14839 | Lair:1   | Killed Harold
 16262 | Lair:1   | Reached XP level 12. HP: 60/69 MP: 3/24
 16935 | Lair:2   | Noticed a seven-headed hydra
 16948 | Lair:2   | Killed a seven-headed hydra
 17343 | Lair:2   | Identified Joinn's Almanac of Damage Dealing (Sif Muna gifted it to you on level 2 of the Lair of Beasts)
 17343 | Lair:2   | Received a gift from Sif Muna
 17666 | Lair:2   | Reached skill level 11 in Fire Magic
 17801 | Lair:2   | Noticed Schimscham's ghost (journeyman NaWz)
 17974 | Lair:1   | Learned a level 3 spell: Stone Arrow
 18586 | Lair:2   | Killed Schimscham's ghost
 18586 | Lair:2   | Reached skill level 1 in Earth Magic
 18953 | Lair:2   | Reached skill level 10 in Conjurations
 18966 | Lair:2   | Reached skill level 5 in Air Magic
 19732 | Lair:3   | Noticed Fannar
 19745 | Lair:3   | Killed Fannar
 19745 | Lair:3   | Reached XP level 13. HP: 75/76 MP: 10/26
 20706 | Lair:3   | Noticed davido123's ghost (journeyman TrBe)
 20722 | Lair:3   | Killed davido123's ghost
 21382 | Lair:4   | Noticed Rupert
 21441 | Lair:4   | Killed Rupert
 21441 | Lair:4   | Received a gift from Sif Muna
 21733 | Lair:4   | Found a staircase to the Swamp.
 22415 | Lair:4   | Reached skill level 5 in Earth Magic
 22522 | Lair:4   | Found a hole to the Spider Nest.
 22680 | Lair:4   | Noticed Sonja
 22685 | Lair:4   | Killed Sonja
 23116 | Lair:4   | Noticed Snorg
 23131 | Lair:4   | Killed Snorg
 24613 | Lair:5   | Noticed an entropy weaver
 24618 | Lair:5   | Noticed an entropy weaver
 24620 | Lair:5   | Identified Sif Muna's Collected Works on Stones and Arcane Weapons (Sif Muna gifted it to you on level 5 of the Lair of Beasts)
 24620 | Lair:5   | Received a gift from Sif Muna
 24625 | Lair:5   | Killed an entropy weaver
 25434 | D:10     | Entered Level 10 of the Dungeon
 25460 | D:10     | Gained mutation: Your large and strong wings let you fly indefinitely. [Gargoyle growth]
 25460 | D:10     | Reached XP level 14. HP: 77/84 MP: 18/27
 25478 | D:10     | Reached skill level 12 in Fire Magic
 26292 | D:10     | Identified the Guide on Shape Shifting and Intoxication
 26374 | D:10     | Reached skill level 10 in Spellcasting
 27075 | D:11     | Paralysed by an ogre mage for 5 turns
 28365 | D:11     | Found a portal to a secret trove of treasure.
 28658 | D:12     | Noticed Nessos
 28665 | D:12     | Killed Nessos
 28673 | D:12     | Noticed cba's ghost (journeyman OpAs)
 28748 | D:12     | Noticed Rrauwl's ghost (journeyman GrEE)
 28958 | Orc:1    | Entered Level 1 of the Orcish Mines
 28958 | Orc:1    | Found a roughly hewn altar of Beogh.
 29103 | Orc:2    | Entered Level 2 of the Orcish Mines
 29214 | Orc:2    | Found a roughly hewn altar of Beogh.
 29390 | Orc:2    | Identified Sif Muna's Catalogue of Earth (Sif Muna gifted it to you on level 2 of the Orcish Mines)
 29390 | Orc:2    | Received a gift from Sif Muna
 29795 | Orc:2    | Learned a level 5 spell: Bolt of Magma
 29978 | Orc:2    | Found a roughly hewn altar of Beogh.
 29983 | Orc:2    | Found Unewas's Book Boutique.
 30275 | Orc:2    | Noticed Josephine
 30281 | Orc:2    | Killed Josephine
 30420 | Orc:1    | Found a roughly hewn altar of Beogh.
 30422 | Orc:1    | Noticed an orc warlord
 30439 | Orc:1    | Killed an orc warlord
 31356 | Orc:2    | Found a roughly hewn altar of Beogh.
 31366 | Orc:2    | Reached skill level 10 in Fighting
 31372 | Orc:2    | Found Fiuguav's Distillery.
 31452 | Orc:2    | Bought a potion of degeneration for 14 gold pieces
 31651 | Orc:2    | Found a staircase to the Elven Halls.
 33027 | Orc:2    | Paralysed by an orc sorcerer for 5 turns
 33214 | Orc:2    | Noticed an orc warlord
 33412 | Orc:2    | Killed an orc warlord
 33412 | Orc:2    | Identified Omeddil's Compendium of Battle Magic (Sif Muna gifted it to you on level 2 of the Orcish Mines)
 33412 | Orc:2    | Received a gift from Sif Muna
 33805 | Orc:2    | Found Budwef's Antique Armour Boutique.
 33806 | Orc:2    | Found a roughly hewn altar of Beogh.
 33809 | Orc:2    | Found Komoxupt's Antique Weapon Shop.
 34502 | Orc:1    | Reached skill level 13 in Fire Magic
 35125 | Orc:2    | Bought a manual of Fighting for 1656 gold pieces
 35339 | Lair:5   | Killed an entropy weaver
 35339 | Lair:5   | Reached XP level 15. HP: 93/93 MP: 12/29
 35552 | Lair:5   | Learned a level 6 spell: Bolt of Fire
 37410 | Lair:4   | Reached ****** piety under Sif Muna
 38196 | Lair:6   | Entered Level 6 of the Lair of Beasts
 38330 | Lair:6   | Found a viscous altar of Jiyva.
 38330 | Lair:6   | Found a staircase to the Slime Pits.
 38554 | Lair:6   | Reached skill level 10 in Earth Magic
 38861 | Lair:5   | Identified Bahiux's Almanac of Ashen Transmutation (Sif Muna gifted it to you on level 5 of the Lair of Beasts)
 38861 | Lair:5   | Received a gift from Sif Muna
 39047 | Lair:5   | Learned a level 6 spell: Iron Shot
 43049 | Lair:6   | Reached skill level 14 in Fire Magic
 43065 | Lair:6   | Reached XP level 16. HP: 104/104 MP: 12/30
 43651 | D:8      | Killed Gastronok
 43876 | D:12     | Killed Rrauwl's ghost
 44188 | D:12     | Killed cba's ghost
 44188 | D:12     | Identified Tupp's Guide on Arcane Weapons and Fire (Sif Muna gifted it to you on level 12 of the Dungeon)
 44188 | D:12     | Received a gift from Sif Muna
 44906 | D:12     | Noticed Maurice
 44909 | D:12     | Killed Maurice
 45333 | D:12     | Noticed Frances
 45345 | D:12     | Killed Frances
 45678 | D:12     | Noticed ADDA's ghost (journeyman DsMo)
 45684 | D:12     | Killed ADDA's ghost
 46154 | D:13     | Noticed Urug
 46266 | D:13     | Killed Urug
 46947 | D:13     | Got an ancient scale mail
 47881 | D:13     | Identified Sif Muna's Incunabulum of Conjuration (Sif Muna gifted it to you on level 13 of the Dungeon)
 47881 | D:13     | Received a gift from Sif Muna
 47957 | D:13     | Found a gate to the Vaults.
 48056 | D:14     | Found Gaclis's Armour Boutique.
 48113 | D:14     | Found Jizaiquri's Jewellery Boutique.
 48170 | D:14     | Found Qyposhri's Book Shoppe.
 48273 | D:14     | Found a flickering gateway to a bazaar.
 48279 | Bazaar   | Entered a bazaar
 48296 | Bazaar   | Found Coqasoimo's Antique Armour Shoppe.
 48313 | Bazaar   | Found Nakaq's Assorted Antiques.
 48313 | Bazaar   | Found Luki's Weapon Emporium.
 48335 | Bazaar   | Found Sulese's Jewellery Emporium.
 48340 | Bazaar   | Bought an uncursed ring of wizardry for 270 gold pieces
 48340 | Bazaar   | Bought a cursed amulet of inaccuracy for 18 gold pieces
 48460 | D:14     | Bought the cursed +0 buckler of the Loofah {Regen+ Str-4 Int+4 Stlth+} for 169 gold pieces
 48502 | D:14     | Noticed Agnes
 48760 | D:14     | Found a glowing golden altar of the Shining One.
 48794 | D:14     | Killed Agnes
 48794 | D:14     | Reached skill level 1 in Shields
 50380 | D:15     | Entered Level 15 of the Dungeon
 51035 | Lair:1   | Identified the +1 scale mail of Vutau {+Blink} (You found it on level 13 of the Dungeon)
 51592 | D:15     | Reached skill level 15 in Fighting
 52369 | D:15     | Found a staircase to the Depths.
 52373 | D:15     | Reached XP level 17. HP: 113/113 MP: 18/31
 52792 | Swamp:1  | Entered Level 1 of the Swamp
 53905 | Swamp:1  | Identified Sif Muna's Grimoire of the Assorted Wars (Sif Muna gifted it to you on level 1 of the Swamp)
 53905 | Swamp:1  | Received a gift from Sif Muna
 54670 | Swamp:2  | Reached skill level 15 in Fire Magic
 57034 | Swamp:3  | Reached skill level 15 in Conjurations
 57402 | Swamp:3  | Received a gift from Sif Muna
 58258 | Swamp:3  | Noticed Donald
 58263 | Swamp:3  | Killed Donald
 58585 | Swamp:4  | Entered Level 4 of the Swamp
 59853 | Swamp:4  | Noticed the 27-headed Lernaean hydra
 59957 | Swamp:4  | Received a gift from Sif Muna
 59957 | Swamp:4  | Reached XP level 18. HP: 101/122 MP: 19/32
 60229 | Lair:1   | Learned a level 2 spell: Swiftness
 60335 | Spider:1 | Entered Level 1 of the Spider Nest
 63592 | Spider:2 | Identified Sif Muna's Reference Book on Battle Magic (Sif Muna gifted it to you on level 2 of the Spider Nest)
 63592 | Spider:2 | Received a gift from Sif Muna
 65129 | Spider:2 | Reached skill level 16 in Fire Magic
 65428 | Spider:2 | You fall through a shaft!
 65438 | Spider:3 | Noticed ayyllmao's ghost (adept MiFi)
 65809 | Lair:1   | Learned a level 8 spell: Lehudib's Crystal Spear
 66915 | Spider:2 | Identified Sif Muna's Compendium of Evil Arts and the Arsonist (Sif Muna gifted it to you on level 2 of the Spider Nest)
 66915 | Spider:2 | Received a gift from Sif Muna
 66915 | Spider:2 | Reached skill level 15 in Earth Magic
 67993 | Spider:3 | Reached XP level 19. HP: 128/128 MP: 16/34
 69122 | Spider:3 | Killed ayyllmao's ghost
 70046 | Spider:4 | Entered Level 4 of the Spider Nest
 70574 | Spider:4 | Identified Sif Muna's Grimoire of Snow and Attacks (Sif Muna gifted it to you on level 4 of the Spider Nest)
 70574 | Spider:4 | Received a gift from Sif Muna
 73374 | Spider:4 | Identified Sif Muna's Disquisition on Doomed Flight (Sif Muna gifted it to you on level 4 of the Spider Nest)
 73374 | Spider:4 | Received a gift from Sif Muna
 74855 | Spider:4 | Got a gossamer rune of Zot
 75326 | Elf:1    | Entered Level 1 of the Elven Halls
 76062 | Elf:1    | Reached XP level 20. HP: 134/134 MP: 25/36
 76231 | Elf:1    | Reached skill level 17 in Fire Magic
 76672 | Elf:1    | Found Yzycwy's Jewellery Boutique.
 76673 | Elf:1    | Found Qithept's Gadget Shoppe.
 76673 | Elf:1    | Found Ykeun's Gadget Shoppe.
 76688 | Elf:1    | Bought a +4 ring of intelligence for 324 gold pieces
 77299 | Elf:1    | Noticed Roxanne
 77309 | Elf:1    | Killed Roxanne
 77309 | Elf:1    | Identified Sif Muna's Guide on Conjuration (Sif Muna gifted it to you on level 1 of the Elven Halls)
 77309 | Elf:1    | Received a gift from Sif Muna
 77402 | Elf:1    | Reached skill level 5 in Shields
 78424 | Elf:1    | Got a crystal quarterstaff
 78435 | Elf:1    | Identified the +4 quarterstaff "Vuanwoaz" {freeze, Int+4} (You found it on level 1 of the Elven Halls)
 78633 | Elf:2    | Cast into level 2 of the Abyss (a deep elf demonologist)
 78732 | Abyss:2  | Found a corrupted altar of Lugonu.
 79015 | Abyss:2  | Noticed a bone dragon
 79236 | Elf:2    | Escaped the Abyss
 79690 | Elf:2    | Found a runed gate.
 79690 | Elf:2    | Found a runed gate.
 79690 | Elf:2    | Found a runed gate.
 79930 | Elf:3    | Entered Level 3 of the Elven Halls
 80937 | Elf:3    | Identified the Collected Works on Darkness
 80996 | Elf:3    | Got a creamy pearl robe
 81222 | Lair:1   | Identified the +1 robe "Issimp" {+Inv MR++ Str+6} (You found it on level 3 of the Elven Halls)
 81875 | Elf:3    | Identified Sif Muna's Volume of Battle Magic (Sif Muna gifted it to you on level 3 of the Elven Halls)
 81875 | Elf:3    | Received a gift from Sif Muna
 82151 | Elf:3    | Got a shimmering silver ring
 82179 | Elf:3    | Got a clouded lapis lazuli ring
 82589 | Elf:3    | Reached XP level 21. HP: 136/139 MP: 38/38
 82808 | Elf:2    | Identified the ring "Zuijet" {EV+5 Int+2 SInv} (You took it off a deep elf blademaster on level 3 of the Elven Halls)
 82809 | Elf:2    | Identified the cursed ring "Xuynkat" {MR+ EV-3} (You took it off a deep elf sorcerer on level 3 of the Elven Halls)
 83176 | Elf:3    | Identified the Tome of Icy Necromancy
 83395 | Elf:3    | Learned a level 2 spell: Blink
 83400 | Elf:3    | Learned a level 4 spell: Passage of Golubria
 83521 | Elf:3    | Identified the Incunabulum of Mutagenic Aid
 83780 | Lair:1   | Gained mutation: You are agile. (Dex +2) [potion of beneficial mutation]
 84108 | Elf:3    | Identified the Papyrus of Quantum Leap
 84277 | Elf:3    | Identified a scroll of acquirement
 85242 | Lair:1   | Learned a level 8 spell: Necromutation
 85363 | D:13     | Identified Orew's Tome of Arcane Weapons (Sif Muna gifted it to you on level 13 of the Dungeon)
 85363 | D:13     | Received a gift from Sif Muna
 85483 | Depths:1 | Entered Level 1 of the Depths
 85639 | Depths:1 | Noticed ADDA's ghost (journeyman GrFi)
 85735 | Depths:1 | Paralysed by a sphinx for 5 turns
 85881 | D:15     | Reached skill level 1 in Transmutations
 86025 | D:15     | Reached skill level 1 in Necromancy
 86546 | Depths:1 | Killed ADDA's ghost
 86814 | Depths:1 | Found a gateway to a ziggurat.
 88440 | Depths:1 | Identified Leratuv's Grimoire of Companions and Displacement (Sif Muna gifted it to you on level 1 of the Depths)
 88440 | Depths:1 | Received a gift from Sif Muna
 89395 | Depths:1 | Found a one-way gate to the infinite horrors of the Abyss.
 89416 | Depths:1 | Found a sacrificial altar of Ru.
 89665 | Depths:1 | Found a gateway to Hell.
 89958 | Depths:1 | Reached skill level 18 in Fire Magic
 91149 | Depths:2 | Reached XP level 22. HP: 145/145 MP: 31/40
 91272 | Depths:2 | Received a gift from Sif Muna
 92653 | Depths:2 | Got a transparent granite ring
 92684 | Depths:2 | Noticed a juggernaut
 92688 | Depths:2 | Killed a juggernaut
 93750 | Depths:2 | Reached skill level 5 in Transmutations
 93858 | Depths:3 | Noticed Sojobo
 93979 | Depths:3 | Identified Xoschuyto's Catalogue of Moulding and Combat Magic (Sif Muna gifted it to you on level 3 of the Depths)
 93979 | Depths:3 | Received a gift from Sif Muna
 93985 | Depths:3 | Killed Sojobo
 93985 | Depths:3 | Reached skill level 5 in Necromancy
 94697 | Depths:2 | Identified the cursed ring of Amuttosi {+Fly AC-3 Str-2 SInv} (You took it off a spriggan berserker on level 2 of the Depths)
 95981 | Depths:3 | Identified Sif Muna's Handbook of Combat Magic (Sif Muna gifted it to you on level 3 of the Depths)
 95981 | Depths:3 | Received a gift from Sif Muna
 95981 | Depths:3 | Reached skill level 15 in Spellcasting
 96357 | Depths:3 | Found a one-way gate leading to the halls of Pandemonium.
 97076 | Depths:3 | Paralysed by a vampire knight for 5 turns
 97676 | Depths:3 | Reached XP level 23. HP: 150/150 MP: 26/42
 98134 | Depths:3 | Noticed a juggernaut
 98264 | Depths:3 | Killed a juggernaut
 98264 | Depths:3 | Identified Sif Muna's Sophisticated Spellcraft (Sif Muna gifted it to you on level 3 of the Depths)
 98264 | Depths:3 | Received a gift from Sif Muna
 98331 | Depths:3 | Noticed a golden dragon
 98437 | Depths:3 | Killed a golden dragon
100802 | Swamp:4  | Identified Wuev's Collected Works on Clay (Sif Muna gifted it to you on level 4 of the Swamp)
100802 | Swamp:4  | Received a gift from Sif Muna
101176 | Swamp:4  | Killed the 27-headed Lernaean hydra
101470 | Swamp:4  | Got a decaying rune of Zot
102277 | Vaults:1 | Entered Level 1 of the Vaults
102304 | Vaults:1 | Found Otzugad's Antique Weapon Emporium.
104602 | Elf:1    | Identified Sif Muna's Papyrus of Shifting Calling (Sif Muna gifted it to you on level 1 of the Elven Halls)
104602 | Elf:1    | Received a gift from Sif Muna
104726 | Elf:1    | Bought an uncursed ring of wizardry for 360 gold pieces
105850 | Vaults:1 | Reached XP level 24. HP: 156/156 MP: 33/43
107217 | Vaults:1 | Identified Sif Muna's Guide on the Supportive Arsonist (Sif Muna gifted it to you on level 1 of the Vaults)
107217 | Vaults:1 | Received a gift from Sif Muna
107267 | Vaults:1 | Reached skill level 10 in Transmutations
108013 | Vaults:1 | Reached skill level 10 in Necromancy
108712 | Vaults:2 | Identified the Incunabulum of Arcane Weapons and Good Luck
110915 | Vaults:2 | Noticed Margery
110917 | Vaults:2 | Identified Sif Muna's Tome of Necromancy (Sif Muna gifted it to you on level 2 of the Vaults)
110917 | Vaults:2 | Received a gift from Sif Muna
112118 | Vaults:2 | Found Voloibb's Assorted Antiques.
112267 | Vaults:2 | Bought a runed helmet for 399 gold pieces
112305 | Vaults:2 | Killed Margery
112932 | Vaults:3 | Identified Sif Muna's Disquisition on Conjuration (Sif Muna gifted it to you on level 3 of the Vaults)
112932 | Vaults:3 | Received a gift from Sif Muna
113914 | Vaults:3 | Found a staircase to the Crypt.
114681 | Vaults:3 | Reached XP level 25. HP: 160/160 MP: 16/44
115375 | Vaults:3 | Identified Sif Muna's Grimoire of Damage Dealing (Sif Muna gifted it to you on level 3 of the Vaults)
115375 | Vaults:3 | Received a gift from Sif Muna
115904 | Vaults:4 | Noticed Mennas
117779 | Vaults:3 | Identified Roxanne's Grimoire of Stones (Sif Muna gifted it to you on level 3 of the Vaults)
117779 | Vaults:3 | Received a gift from Sif Muna
118199 | Lair:1   | Learned a level 9 spell: Fire Storm
118788 | Depths:4 | Noticed an ancient lich
118965 | Depths:4 | Killed an ancient lich
120181 | Depths:4 | Received a gift from Sif Muna
120434 | Depths:4 | Reached skill level 19 in Fire Magic
122085 | Depths:4 | Reached XP level 26. HP: 145/166 MP: 8/45
122686 | Depths:5 | Entered Level 5 of the Depths
122897 | Depths:5 | Received a gift from Sif Muna
124645 | Depths:5 | Identified Sif Muna's Grimoire of Hexes (Sif Muna gifted it to you on level 5 of the Depths)
124645 | Depths:5 | Received a gift from Sif Muna
124741 | Depths:5 | Gained mutation: You have a pair of small antennae on your head. [potion of beneficial mutation]
125345 | Lair:1   | Lost mutation: You are agile. (Dex +2) [potion of cure mutation]
125346 | Lair:1   | Lost mutation: You have a pair of small antennae on your head. [potion of cure mutation]
126241 | Depths:5 | Found a gate to the Realm of Zot.
127368 | Depths:5 | Identified Sif Muna's Reference Book on Attacks (Sif Muna gifted it to you on level 5 of the Depths)
127368 | Depths:5 | Received a gift from Sif Muna
129453 | Vaults:4 | Got a fine triple sword
129565 | Vaults:4 | Reached XP level 27. HP: 172/172 MP: 27/46
129759 | Vaults:1 | Reached skill level 20 in Fire Magic
130624 | Vaults:4 | Identified Sif Muna's Disquisition on Evil (Sif Muna gifted it to you on level 4 of the Vaults)
130624 | Vaults:4 | Received a gift from Sif Muna
131531 | Lair:1   | Learned a level 7 spell: Ring of Flames
131814 | Vaults:5 | Entered Level 5 of the Vaults
131835 | Vaults:5 | Identified Sif Muna's Guide on Displacement and the Escort (Sif Muna gifted it to you on level 5 of the Vaults)
131835 | Vaults:5 | Received a gift from Sif Muna
132475 | Vaults:5 | Identified Sif Muna's Disquisition on the Flying Rocks (Sif Muna gifted it to you on level 5 of the Vaults)
132475 | Vaults:5 | Received a gift from Sif Muna
132935 | Vaults:5 | Got an ichor-stained battleaxe
133200 | Vaults:5 | Got a wavering steel ring
133201 | Vaults:5 | Identified the ring "Cesia" {Int+2 SInv} (You took it off a deep elf knight on level 5 of the Vaults)
133205 | Vaults:5 | Got a translucent glaive {elec}
133450 | Vaults:5 | Identified the +5 battleaxe "Azzok's Bane" {flame, Int+3} (You found it on level 5 of the Vaults)
133451 | Vaults:5 | Identified the +6 glaive of the Salmon {elec, MR+ Str+4 Stlth-} (You took it off a deep elf knight on level 5 of the Vaults)
133486 | Vaults:5 | Found Luziany's Magic Scroll Shop.
133976 | Vaults:5 | Killed Mennas
134348 | Vaults:5 | Got a silver rune of Zot
134366 | Vaults:5 | Got a smoking chain mail
134484 | Vaults:5 | Identified the Collected Works on Intoxication and Illusion
134588 | Vaults:5 | Identified the +3 chain mail of Jivatepui {rC+} (You found it on level 5 of the Vaults)
134908 | Vaults:5 | Identified Sif Muna's Grimoire of Spatial Battle Magic (Sif Muna gifted it to you on level 5 of the Vaults)
134908 | Vaults:5 | Received a gift from Sif Muna
135161 | Vaults:5 | Bought a scroll of acquirement for 676 gold pieces
135165 | Vaults:5 | Got a twitching steel amulet
135166 | Vaults:5 | Identified the amulet of Jorevaral {RegenMP rElec Int+2} (You acquired it on level 5 of the Vaults)
135768 | Zot:1    | Entered Level 1 of the Realm of Zot
136786 | Zot:1    | Reached skill level 21 in Fire Magic
136798 | Zot:1    | Reached skill level 10 in Invocations
137717 | Zot:2    | Reached skill level 15 in Necromancy
138732 | Zot:2    | HP: 2/176 [titan/the air (35)]
138733 | Zot:2    | Slain by a deathcap

Skill      XL: |  1  2  3  4  5  6  7  8  9 10 11 12 13 14 15 16 17 18 19 20 21 22 23 24 25 26 27 |
---------------+----------------------------------------------------------------------------------+-----
Fire Magic     | 4 5 6 7 8 9 10 11 13 14 15 16 17 18 19 21 | 21.3
Conjurations   | 2 4 5 7 8 9 10 11 12 13 14 15 16 17 18 | 18.6
Spellcasting   | 3 4 5 6 7 8 9 10 11 12 13 14 15 16 17 18 19 20 | 20.1
Fighting       | 2 4 5 7 8 10 13 15 16 17 18 | 18.8
Armour         | 2 4 5 6 8 9 |  9.3
Invocations    | 2 4 5 6 11 | 11.0
Air Magic      | 2 3 5 6 |  6.9
Earth Magic    | 2 6 8 11 12 13 15 16 17 18 19 | 19.9
Shields        | 3 4 5 |  5.0
Transmutations | 3 7 9 11 12 13 14 | 14.0
Necromancy     | 3 6 9 11 12 13 15 | 15.2
Dodging        | 3 |  3.9
Stealth        | |  2.1

Action                   |  1- 3 |  4- 6 |  7- 9 | 10-12 | 13-15 | 16-18 | 19-21 | 22-24 | 25-27 || total
-------------------------+-------+-------+-------+-------+-------+-------+-------+-------+-------++-------
Melee: Dagger            |    12 |     2 |       |       |       |       |       |       |       ||    14
       Short sword       |    12 |       |       |       |       |       |       |       |       ||    12
       Spear             |       |   184 |     2 |       |       |       |       |       |       ||   186
       Whip              |       |       |     9 |       |       |       |       |       |       ||     9
       Flail             |       |       |    40 |    26 |       |   437 |   164 |       |       ||   667
       Scythe            |       |       |       |    70 |   243 |   112 |       |       |       ||   425
       Lajatang          |       |       |       |       |       |    62 |       |       |       ||    62
       Staff             |       |       |       |       |       |       |    56 |    13 |     7 ||    76
       Demon whip        |       |       |       |       |       |       |       |   153 |    76 ||   229
 Cast: Flame Tongue      |    60 |   122 |   302 |   535 |   828 |   604 |   310 |   119 |       ||  2880
       Conjure Flame     |       |     2 |    12 |    30 |    43 |     2 |       |       |       ||    89
       Sticky Flame      |       |       |     5 |    56 |   137 |   218 |   163 |    24 |    10 ||   613
       Inner Flame       |       |       |     1 |     6 |    11 |       |       |       |       ||    18
       Fireball          |       |       |       |    15 |    57 |    40 |   171 |   432 |   135 ||   850
       Repel Missiles    |       |       |       |     2 |     4 |     4 |     2 |     6 |    13 ||    31
       Stone Arrow       |       |       |       |     7 |    98 |       |       |       |       ||   105
       Bolt of Magma     |       |       |       |       |    31 |       |       |       |       ||    31
       Iron Shot         |       |       |       |       |    45 |   254 |   317 |   259 |   520 ||  1395
       Bolt of Fire      |       |       |       |       |    41 |    33 |     7 |    19 |    29 ||   129
       Swiftness         |       |       |       |       |       |     1 |     1 |     3 |     1 ||     6
       Lehudib's Crystal |       |       |       |       |       |       |    10 |    43 |    38 ||    91
       Blink             |       |       |       |       |       |       |       |     2 |     7 ||     9
       Fire Storm        |       |       |       |       |       |       |       |       |    83 ||    83
       Necromutation     |       |       |       |       |       |       |       |       |    49 ||    49
       Ring of Flames    |       |       |       |       |       |       |       |       |     6 ||     6
Invok: Forget Spell      |       |       |       |       |     2 |     1 |     2 |       |     1 ||     6
       Divine Energy     |       |       |       |       |       |     1 |     1 |       |       ||     2
       Stop Divine Energ |       |       |       |       |       |     1 |     1 |       |       ||     2
       Channel Magic     |       |       |       |       |       |       |       |     3 |    36 ||    39
 Abil: Stop Flying       |       |       |       |       |       |    12 |     1 |     2 |     1 ||    16
       Fly               |       |       |       |       |       |     9 |     1 |     2 |     2 ||    14
Evoke: Wand              |       |       |       |       |       |     1 |     1 |       |     3 ||     5
       Phantom mirror    |       |       |       |       |       |       |       |     1 |       ||     1
  Use: Scroll            |     3 |     3 |     3 |     6 |    12 |    20 |    16 |     7 |    19 ||    89
       Potion            |       |       |       |       |     1 |     3 |     8 |     4 |    23 ||    39
 Stab: Sleeping          |       |     2 |       |       |       |     1 |       |       |       ||     3
       Distracted        |       |     1 |       |       |       |       |       |       |       ||     1
  Eat: Chunk             |     3 |     9 |    16 |    29 |    86 |    67 |    44 |    80 |    60 ||   394
       Pizza             |       |     1 |       |       |     1 |     2 |     2 |     1 |     1 ||     8
       Fruit             |       |     1 |       |    13 |    13 |       |     4 |       |     6 ||    37
       Beef jerky        |       |       |       |       |     4 |     2 |       |     2 |     1 ||     9
       Meat ration       |       |       |       |       |     1 |    12 |     3 |       |       ||    16
       Royal jelly       |       |       |       |       |     1 |     7 |       |       |     1 ||     9
       Bread ration      |       |       |       |       |     3 |     6 |    14 |     1 |       ||    24
Armor: Robe              |    22 |    99 |    84 |   153 |   266 |   788 |   751 |   137 |   281 ||  2581
Dodge: Dodged            |    29 |   106 |   110 |   255 |   479 |  1144 |   577 |   286 |   343 ||  3329
       Deflected         |       |       |       |     6 |     7 |    16 |    20 |    42 |    48 ||   139
Block: Buckler           |       |       |       |       |       |   252 |   193 |    77 |   114 ||   636
